 Dungeon Crawl Stone Soup version 0.21.1-1-g345015f (webtiles) character file.

352 Lilu the Magician (level 6, -4/32 HPs)
             Began as a Deep Elf Wizard on July 22, 2018.
             Was an Initiate of Sif Muna.
             Slain by an iguana (8 damage)
             ... on level 4 of the Dungeon.
             The game lasted 00:39:45 (5472 turns).

Lilu the Magician (Deep Elf Wizard)                 Turns: 5472, Time: 00:39:46

Health: -4/32      AC:  3    Str:  5    XL:     6   Next: 34%
Magic:  2/16       EV: 13    Int: 24    God:    Sif Muna [......]
Gold:   258        SH:  0    Dex: 13    Spells: 10/16 levels left

rFire    . . .     SeeInvis .   A - +1 flail (holy)
rCold    . . .     Gourm    .   (no shield)
rNeg     . . .     Faith    .   a - +1 robe
rPois    .         Spirit   .   b - +0 hat
rElec    .         Reflect  .   (no cloak)
rCorr    .         Harm     .   (no gloves)
MR       +....                  (no boots)
Stlth    ++........             (no amulet)
HPRegen  0.10/turn              j - ring of protection from magic
MPRegen  0.15/turn              (no ring)

@: no status effects
A: no striking features
a: Renounce Religion


You were on level 4 of the Dungeon.
You worshipped Sif Muna.
Sif Muna was noncommittal.
You were not hungry.

You visited 1 branch of the dungeon, and saw 4 of its levels.

You collected 258 gold pieces.

Inventory:

Hand Weapons
 i - a +0 short sword
 o - a +0 hunting sling
 v - a +0 dagger of venom
 z - the +9 spear of Miamoog {venom, *Noise rElec rPois MR+, unknown}
   (You found it on level 4 of the Dungeon)

   It poisons the flesh of those it strikes.
   It insulates you from electricity.
   It protects you from poison.
   It affects your resistance to hostile enchantments.
   It may make noises in combat.
 A - a +1 flail of holy wrath (weapon)
Missiles
 e - 11 poisoned needles
 g - 60 stones (quivered)
 n - 2 throwing nets
 u - 2 tomahawks
 w - 23 arrows
Armour
 a - a +1 robe (worn)
 b - a +0 hat (worn)
 h - a +0 leather armour
 m - a +0 scale mail
Jewellery
 j - a ring of protection from magic (left hand)
Scrolls
 q - a scroll of fog
 s - 3 scrolls of identify
 x - 3 scrolls of amnesia {unknown}
 y - a scroll of blinking
Potions
 f - 5 potions of curing
 k - 2 potions of heal wounds {unknown}
 l - 3 potions of brilliance {unknown}
 p - a potion of lignification {unknown}
 r - a potion of haste {unknown}
 t - a potion of agility {unknown}
Books
 c - a book of Minor Magic

   Spells                             Type                      Level
   a - Magic Dart                     Conjuration                  1
   b - Blink                          Translocation                2
   c - Call Imp                       Summoning                    2
   d - Slow                           Hexes                        2
   e - Conjure Flame                  Conjuration/Fire             3
   f - Mephitic Cloud                 Conjuration/Poison/Air       3
Comestibles
 d - 5 rations


   Skills:
 - Level 1.0 Armour
 + Level 3.5 Dodging
 + Level 3.5 Stealth
 + Level 5.7 Spellcasting
 * Level 3.7 Conjurations
   Level 1.1 Summonings
 + Level 2.0 Translocations
 + Level 1.7 Air Magic
 + Level 1.8 Poison Magic


You had 10 spell levels left.
You knew the following spells:

 Your Spells              Type           Power        Failure   Level  Hunger
a - Magic Dart            Conj           ###.         1%          1    None
b - Blink                 Tloc           N/A          5%          2    None
c - Mephitic Cloud        Conj/Pois/Air  ###.....     9%          3    #......


Dungeon Overview and Level Annotations

Branches:
Dungeon (4/15)
 Temple: D:4-7

Altars:
Elyvilon
Fedhas
Okawaru
Qazlal
Sif Muna
Wu Jian

Annotations:
D:3 doot's ghost, amateur MfAK


Message History

The iguana bites you!
* * * LOW HITPOINT WARNING * * *
Casting: Magic Dart
Confirm with . or Enter, or press ? or * to list all spells.
Aiming: Magic Dart
Press: ? - help, Shift-Dir - straight line, f/p - iguana
Aim: an iguana (almost dead)
The magic dart hits the iguana.
The iguana is almost dead.
The iguana closely misses you.
Casting: Magic Dart
Confirm with . or Enter, or press ? or * to list all spells.
You blink.
Casting: Blink
Confirm with . or Enter, or press ? or * to list all spells.
You blink.
A scorpion comes into view.
Found a stormy altar of Qazlal.
The iguana bites you!
You die...

_###.###......###.###.##########
.#.#.#.8..######...##..........##
....................#########...#
.........#######.................
.#.#.#.8## ##.###########....
⌠###.#### ######### ##.#. ##
##########...#...# #### #.#.
#####......#..#..#..###..# #.#.
....#...##l.#..#@l#.._##.# #...
....##†#####.#..#s.#.###.# #.#.
###.##.# ##..###..## #.# #.#.
#.##.# ######### #.# #.## #.##§#
#.# #.# #... ##.##.# ######.####
#.# #.## ##...#.# #.........# #.#
#..# .......#####.####.##.###.###
##.# ##.........#.# ##.##.#.....#
#.#


You could see a scorpion and an iguana.

Vanquished Creatures
  2 hounds (D:4)
  2 orc priests (D:4)
  Terence (D:3)
  A worker ant (D:4)
  8 adders
  An ooze (D:2)
  An adder skeleton (D:4)
  A worm (D:2)
  3 dart slugs
  5 leopard geckos
  6 orcs
  9 giant cockroaches
  6 goblins
  11 hobgoblins
  7 jackals
  5 quokkas
  A ball python (D:2)
  14 bats
  3 frilled lizards
  A jackal skeleton (D:4)
  8 kobolds
  A leopard gecko skeleton (D:4)
  5 rats
  A fungus (D:4)
103 creatures vanquished.

Vanquished Creatures (collateral kills)
  A giant cockroach (D:4)
1 creature vanquished.

Vanquished Creatures (others)
  An orc (D:4)
1 creature vanquished.

Grand Total: 105 creatures vanquished

Notes
Turn   | Place    | Note
-------+----------+-------------------------------------------
     0 | D:1      | Lilu the Deep Elf Wizard began the quest for the Orb.
     0 | D:1      | Reached XP level 1. HP: 10/10 MP: 7/7
   192 | D:1      | Reached skill level 5 in Spellcasting
   192 | D:1      | Reached XP level 2. HP: 5/15 MP: 0/10
   571 | D:1      | Learned a level 2 spell: Blink
   825 | D:1      | Reached XP level 3. HP: 19/19 MP: 9/11
  1086 | D:1      | Learned a level 3 spell: Mephitic Cloud
  1712 | D:2      | Reached XP level 4. HP: 23/24 MP: 8/13
  1989 | D:2      | Found a deep blue altar of Sif Muna.
  1995 | D:2      | Became a worshipper of Sif Muna the Loreminder
  2153 | D:2      | Reached skill level 1 in Poison Magic
  2222 | D:2      | Reached skill level 1 in Air Magic
  2941 | D:3      | Reached XP level 5. HP: 28/28 MP: 9/14
  3060 | D:3      | Found a faded altar of an unknown god.
  3069 | D:3      | Noticed doot's ghost (amateur MfAK)
  3665 | D:3      | Noticed Terence
  3683 | D:3      | Killed Terence
  4569 | D:4      | Reached skill level 1 in Armour
  4637 | D:4      | Reached * piety under Sif Muna
  4637 | D:4      | Reached XP level 6. HP: 24/32 MP: 0/16
  4748 | D:4      | Found a blossoming altar of Fedhas.
  4791 | D:4      | Found an iron altar of Okawaru.
  4804 | D:4      | Got a slimy spear
  4951 | D:4      | Found a white marble altar of Elyvilon.
  4954 | D:4      | Found an ornate altar of the Wu Jian Council.
  5467 | D:4      | Found a stormy altar of Qazlal.
  5472 | D:4      | Slain by an iguana

Skill      XL: |  1  2  3  4  5  6 |
---------------+-------------------+-----
Spellcasting   | 5 |  5.7
Conjurations   | 2 3 |  3.7
Poison Magic   | 1 |  1.8
Air Magic      | 1 |  1.7
Dodging        | 3 |  3.5
Stealth        | 3 |  3.5
Armour         | 1 |  1.0
Translocations | 2 |  2.0
Summonings     | |  1.1

Action                   |  1- 3 |  4- 6 || total
-------------------------+-------+-------++-------
Melee: Short sword       |    14 |       ||    14
       Whip              |    14 |     4 ||    18
       Flail             |       |    37 ||    37
 Cast: Magic Dart        |    88 |   187 ||   275
       Mephitic Cloud    |     5 |     7 ||    12
       Blink             |     4 |     5 ||     9
  Use: Scroll            |     2 |     4 ||     6
       Potion            |       |     1 ||     1
  Eat: Chunk             |     2 |     9 ||    11
       Ration            |       |     1 ||     1
Armor: Leather armour    |    20 |       ||    20
       Robe              |     7 |     8 ||    15
Dodge: Dodged            |    59 |    41 ||   100
